 Dungeon Crawl Stone Soup version 0.30-a0-778-g2ef04afb54 (webtiles) character file.

Game seed: 11101895252216549452

148 BigDaddyOpFi the Chopper (level 5, -5/47 HPs)
             Began as a Hill Orc Monk on Feb 15, 2023.
             Splashed by a jelly's acid (7 damage)
             ... on level 4 of the Dungeon.
             The game lasted 00:02:59 (2721 turns).

BigDaddyOpFi the Chopper (Hill Orc Monk)            Turns: 2721, Time: 00:02:59

Health: -5/47      AC:  8    Str: 16      XL:     5   Next: 30%
Magic:  5/5        EV:  7    Int:  8 (10) God:
Gold:   178        SH:  0    Dex: 11 (13) Spells: 4/4 levels left

rFire   . . .      SeeInvis .    a - +0 hand axe
rCold   . . .      Faith    .    (no shield)
rNeg    . . .      Spirit   .    d - +0 chain mail
rPois   .          Reflect  .    (no helmet)
rElec   .          Harm     .    (no cloak)
rCorr   .          Rampage  .    (no gloves)
Will    .....                    (no boots) Stlth
                                 (no amulet)
HPRegen 0.27/turn                (no ring)
MPRegen 0.09/turn                (no ring)

@: no status effects
A: no striking features
a: no special abilities


You were on level 4 of the Dungeon.
You visited 1 branch of the dungeon, and saw 4 of its levels.

You collected 178 gold pieces.

Inventory:

Hand Weapons
 a - a +0 hand axe (weapon)
Missiles
 c - a throwing net (quivered)
Armour
 d - a +0 chain mail (worn)
 k - a +0 kite shield
Scrolls
 e - 2 scrolls of fog {unknown}
 f - 2 scrolls of noise
 g - a scroll of identify
 h - 2 scrolls of magic mapping
 j - a scroll of brand weapon {unknown}
 l - a scroll of vulnerability {unknown}
 m - a scroll of butterflies {unknown}
 o - a scroll of fear {unknown}
 q - a scroll of immolation {unknown}
Potions
 b - a potion of curing
 n - a potion of degeneration


   Skills:
 + Level 4.6 Fighting
 + Level 5.1 Axes
 + Level 3.2 Dodging
 + Level 2.6 Stealth


You had 4 spell levels left.
You didn't know any spells.
Your spell library contained the following spells:

 Spells                   Type           Power      Damage    Failure   Level
 Ensorcelled Hibernation  Hex/Ice        0%         N/A       100%        2
 Ozocubu's Armour         Ice            0%         N/A       100%        3
 Spider Form              Tmut/Pois      0%         N/A       100%        3
 Anguish                  Hex/Necr       0%         N/A       100%        4
 Ozocubu's Refrigeration  Ice            0%         4d7       100%        7


Dungeon Overview and Level Annotations

Branches:
Dungeon (4/15)
 Temple: D:4-7

Altars:
Hepliaklqana
Nemelex Xobeh

Shops:
D:1 !


Message History

There is a stone staircase leading up here.
A jelly is nearby!
The jelly hits you but does no damage.
You hit the jelly.
Your hands burn!
The jelly is lightly wounded.
The jelly hits you but does no damage.
You hit the jelly.
Your hands burn!
The jelly is moderately wounded.
The jelly hits you.
You are splashed with acid!
You hit the jelly.
Your hands burn!
The jelly is heavily wounded.
The jelly hits you but does no damage.
You hit the jelly.
Your hands burn!
The jelly is severely wounded.
The jelly hits you. The acid corrodes you!
You are splashed with acid!
You are too injured to fight recklessly!
You are too injured to fight recklessly!
You are too injured to fight recklessly!
You are too injured to fight recklessly!
You are too injured to fight recklessly!
A jelly is nearby!
You hit the jelly but do no damage.
Your hands burn!
The jelly is severely wounded.
The jelly hits you.
You are splashed with acid!
* * * LOW HITPOINT WARNING * * *
You feel better. The jelly barely misses you.
It was a potion of flight.
You feel very buoyant.
You fly up into the air.
The jelly hits you.
* * * LOW HITPOINT WARNING * * *
The acid corrodes you!
You are splashed with acid!
* * * LOW HITPOINT WARNING * * *
It was a potion of cancellation.
Your magical effects are unravelling.
You feel magically purged.
You float gracefully downwards.
You are no longer corroded.
The jelly hits you.
* * * LOW HITPOINT WARNING * * *
You are splashed with acid!
You die...

### ..# #.#########
####.##......#
#....##.####.# #.
#.##.####.#
#.##.##<......#.######
#...J@..##.##..<......
###...####.####.#####.
#...# #.....<# ##.##
######## #. .# .# #


You could see a jelly.

Vanquished Creatures
  Robin (D:2)
  4 gnolls (D:3)
  2 adders (D:2)
  3 worms
  7 bats
  3 endoplasms
  A giant cockroach (D:3)
  4 hobgoblins
  10 jackals
  4 quokkas
  5 ball pythons
  3 frilled lizards
  12 goblins
  4 kobolds (D:1)
  4 rats
67 creatures vanquished.

Vanquished Creatures (others)
  4 plants (D:3)
4 creatures vanquished.

Grand Total: 71 creatures vanquished

Notes
Turn   | Place    | Note
-------+----------+-------------------------------------------
     0 | D:1      | BigDaddyOpFi the Hill Orc Monk began the quest for the Orb.
     0 | D:1      | Reached XP level 1. HP: 19/19 MP: 1/1
    80 | D:1      | Reached XP level 2. HP: 25/27 MP: 2/2
   117 | D:1      | Found Caiw's Distillery.
   748 | D:1      | Reached XP level 3. HP: 32/33 MP: 3/3
  1015 | D:2      | Reached XP level 4. HP: 40/40 MP: 4/4
  1067 | D:2      | Noticed Robin
  1094 | D:2      | Killed Robin
  1634 | D:3      | Found a hazy altar of Hepliaklqana.
  1773 | D:3      | Found a sparkling altar of Nemelex Xobeh.
  2150 | D:3      | Reached skill level 5 in Axes
  2162 | D:3      | Reached XP level 5. HP: 41/47 MP: 5/5
  2721 | D:4      | HP: 2/47 [jelly (1)]
  2721 | D:4      | Splashed by a jelly's acid

Illustrated notes

Levels and vault maps discovered:
D:1:      dpeg_arrival_tiny_g, layout_basic, serial_shops, shop
D:2:      layout_basic, uniq_robin
D:3:      layout_loops_corners, general_overflow_altar,
          nicolae_hepliaklqana_hazy_memory
D:4:      layout_loops_cross, mainiacjoe_overflow_six_doors_small, minivault_19

Skill      XL: |  1  2  3  4 |
---------------+-------------+-----
Fighting       | 4 |  4.6
Stealth        | 2 |  2.6
Dodging        | 3 |  3.2
Axes           | 5 |  5.1

Action                     |  1- 3 |  4- 6 || total
---------------------------+-------+-------++-------
  Melee: Hand axe          |    98 |   148 ||   246
         Punch             |     1 |     1 ||     2
    Use: Scroll            |     3 |       ||     3
         Potion            |       |     9 ||     9
   Stab: Invisible         |       |     3 ||     3
         Held in net/web   |       |     1 ||     1
 Armour: Chain mail        |    79 |    75 ||   154
  Dodge: Dodged            |    49 |    52 ||   101

Table legend: (Time is in decaauts)
 A = Elapsed time spent in this place.
 B = Non-inter-level travel time spent in this place.
 C = Inter-level travel time spent in this place.
 D = Time resting spent in this place.
 E = Time spent auto-exploring this place.
 F = Levels seen in this place.
 G = Mean time per level.
                   A        B        C        D        E       F      G
               +--------+--------+--------+--------+--------+-----+--------+
         Total |   2716 |   2604 |    112 |      0 |   2107 |   4 |  679.0 |
       Dungeon |   2716 |   2604 |    112 |      0 |   2107 |   4 |  679.0 |
               +--------+--------+--------+--------+--------+-----+--------+

Top non-repeatable levels by time:
     D:3: 1059 daAuts
     D:1: 855 daAuts
     D:2: 769 daAuts
     D:4: 30 daAuts
